 Dungeon Crawl Stone Soup version 0.20.1-1-g8b1a95d (webtiles) character file.

42 minmayStuckAtMickeyD the Insei (level 3, 0/26 HPs)
             Began as a Human Transmuter on July 22, 2017.
             Succumbed to an adder's poison
             ... on level 2 of the Dungeon.
             The game lasted 00:01:33 (1229 turns).

minmayStuckAtMickeyD the Insei (Human Transmuter)   Turns: 1229, Time: 00:01:34

Health: 0/26       AC:  2    Str: 10    XL:     3   Next: 77%
Magic:  5/6        EV: 12    Int: 14    God:
Gold:   39         SH:  0    Dex: 13    Spells: 0/6 levels left

rFire    . . .     SeeInvis .     - Unarmed
rCold    . . .     Gourm    .   (no shield)
rNeg     . . .     Faith    .   b - +0 robe
rPois    .         Spirit   .   (no helmet)
rElec    .         Reflect  .   (no cloak)
rCorr    .         Harm     .   (no gloves)
MR       .....                  (no boots)
Stlth    +.........             (no amulet)
Regen    0.1/turn               (no ring)
MPRegen  0.1/turn               (no ring)

@: lethally poisoned (0 -> -10), berserk cooldown, very slightly contaminated,
slowed, very slow
A: no striking features
a: no special abilities


You were on level 2 of the Dungeon.
You were hungry.

You visited 1 branch of the dungeon, and saw 2 of its levels.

You collected 39 gold pieces.

Inventory:

Missiles
 a - 30 arrows
Armour
 b - a +0 robe (worn)
Jewellery
 k - a cursed ring of loudness {unknown}
Wands
 m - a wand of flame (24/48)
Scrolls
 i - a scroll of enchant weapon {unknown}
 j - a scroll of noise {unknown}
Potions
 e - a potion of berserk rage
 l - a potion of mutation {unknown}
Books
 c - a book of Changes

   Spells                             Type                      Level
   a - Beastly Appendage              Transmutation                1
   b - Sticks to Snakes               Transmutation                2
   c - Spider Form                    Transmutation/Poison         3
   d - Ice Form                       Ice/Transmutation            4
   e - Blade Hands                    Transmutation                5
Comestibles
 d - a bread ration
 f - a fruit
 g - a royal jelly
 h - 2 chunks of flesh


   Skills:
 - Level 1.0 Fighting
 - Level 2.0 Dodging
 - Level 4.0 Unarmed Combat
 + Level 2.2 Spellcasting
 * Level 2.4 Transmutations


You couldn't memorise any spells.
You knew the following spells:

 Your Spells              Type           Power        Failure   Level  Hunger
a - Beastly Appendage     Tmut           #.....       9%          1    #......
b - Sticks to Snakes      Tmut           #.......     13%         2    ###....
c - Spider Form           Tmut/Pois      #.........   38%         3    ###....


Dungeon Overview and Level Annotations

Branches:
Dungeon (2/15)

Altars:


Message History

* * * LOW HITPOINT WARNING * * *
You feel sick.
Your adder bites the rat.
The quokka bites you.
* * * LOW HITPOINT WARNING * * *
You punch the quokka!
You kill the quokka!
Your adder barely misses the rat.
* * * LOW HITPOINT WARNING * * *
You feel sick. The rat misses you.
Your adder bites the rat.
The rat dies!
You see here an adder corpse.
You feel a strong urge to attack something.
* * * LOW HITPOINT WARNING * * *
You feel sick.
You see here a rat corpse.
You swap places.
You swap places.
You feel your anger subside.
You are no longer berserk.
You are exhausted.
You feel yourself slow down.
You die...

...... ....# #.
#.##.# #.#.# . #.
#.##.# #r#.# #. #.
##.##.###.#.# ... #.
#.......#.#.##..# #.
#................ #.
#.....###.......#
#.###...#.# ###.##.##
#..†@S....#####.##.##
######...............
##..##########...
##...# #... ##.#...#
#..# ##.##..#.#
#####..# #.###..##.#
#....... #.........#
#.###..# #.#.###.#.#
#.# #..#


You could see a friendly adder.

Vanquished Creatures
  2 adders (D:2)
  A dart slug (D:1)
  A leopard gecko (D:1)
  A ball python (D:1)
  4 goblins
  2 hobgoblins (D:1)
  2 kobolds
  A quokka (D:2)
  2 bats (D:1)
  A frilled lizard (D:1)
  5 rats
22 creatures vanquished.

Vanquished Creatures (collateral kills)
  2 rats
2 creatures vanquished.

Grand Total: 24 creatures vanquished

Notes
Turn   | Place    | Note
-------+----------+-------------------------------------------
     0 | D:1      | minmayStuckAtMickeyD the Human Transmuter began the quest for the Orb.
     0 | D:1      | Reached XP level 1. HP: 15/15 MP: 3/3
   429 | D:1      | Reached XP level 2. HP: 14/21 MP: 3/5
   524 | D:1      | Learned a level 2 spell: Sticks to Snakes
  1077 | D:2      | Reached skill level 4 in Unarmed Combat
  1077 | D:2      | Reached XP level 3. HP: 25/26 MP: 4/6
  1087 | D:2      | Learned a level 3 spell: Spider Form
  1227 | D:2      | HP: 1/39 [poisoned by an adder]
  1229 | D:2      | Succumbed to an adder's poison

Skill      XL: |  1  2 |
---------------+-------+-----
Unarmed Combat | 4 |  4.0
Fighting       | |  1.0
Dodging        | |  2.0
Spellcasting   | |  2.2
Transmutations | |  2.4

Action                   || total
-------------------------++-------
Melee: Unarmed           ||    59
       Headbutt          ||     6
       Kick              ||     3
 Cast: Beastly Appendage ||    14
       Sticks to Snakes  ||     3
  Use: Potion            ||     1
 Stab: Sleeping          ||     1
  Eat: Chunk             ||     1
Armor: Robe              ||    10
Dodge: Dodged            ||    32
